 Dungeon Crawl Stone Soup version 0.18.1-8-gdd0e5ea (webtiles) character file.

13508 M4edhros the Spear-Bearer (level 12, -2/94 HPs)
             Began as a Formicid Hunter on June 4, 2016.
             Was an Initiate of Gozag.
             Incinerated by a deep elf mage (7 damage)
             ... with a sticky flame
             ... on level 12 of the Dungeon.
             The game lasted 00:20:25 (13690 turns).

M4edhros the Spear-Bearer (Formicid Hunter)        Turns: 13690, Time: 00:20:25

Health: -2/94      AC: 23    Str: 15    XL:     12   Next: 33%
Magic:  10/10      EV: 14    Int: 16    God:    Gozag
Gold:   1150       SH:  0    Dex: 15    Spells: 0 memorised, 11 levels left

rFire  . . .     SeeInvis +     P - +2 trident (protect)
rCold  + . .     Gourm    .     X - +4 scale mail of Dim Light {rC+ Stlth+}
rNeg   . . .     Faith    .     (no shield)
rPois  .         Spirit   .     (helmet unavailable)
rElec  .         Dismiss  .     (no cloak)
rCorr  .         Reflect  .     S - +0 pair of gloves
SustAt .         Harm     .     R - +1 pair of boots
MR     +....                    G - amulet of magic regeneration
Stlth  ++........               F - +5 ring of protection
                                p - +4 ring of intelligence

@: liquid flames, glowing, somewhat resistant to hostile enchantments,
unstealthy
A: permanent stasis, dig shafts and tunnels, four strong arms, antennae 3,
blurry vision 1, low mp 1, weak 1
a: Dig, Shaft Self, Potion Petition, Call Merchant, Bribe Branch, Renounce
Religion


You were on level 12 of the Dungeon.
You worshipped Gozag.
Gozag was noncommittal.
You were not hungry.

You visited 2 branches of the dungeon, and saw 13 of its levels.

You collected 1689 gold pieces.
You paid 539 gold pieces to Gozag.

Inventory:

Hand Weapons
 a - a +1 hand crossbow
 b - a +0 short sword
 l - a +1 hunting sling of flaming
 z - a +0 glaive
 A - a +1 scythe of protection
 C - a +2 rapier of speed
 P - a +2 trident of protection (weapon)
Missiles
 d - 71 bolts
 n - 310 stones (quivered)
 I - 60 poisoned needles
 J - 3 curare-tipped needles
Armour
 c - a +0 leather armour
 R - a +1 pair of boots (worn)
 S - a +0 pair of gloves (worn)
 X - the +4 scale mail of Dim Light (worn) {rC+ Stlth+}
   (You found it on level 12 of the Dungeon)

   It protects you from cold.
   It makes you more stealthy.
Jewellery
 p - a +4 ring of intelligence (left hand)
 F - a +5 ring of protection (right hand)
 G - an amulet of magic regeneration (around neck)
 K - an uncursed ring of resist corrosion
 Q - an uncursed ring of wizardry {unknown}
Wands
 q - a wand of flame (37/48)
 r - a wand of disintegration (13/24)
 D - a wand of slowing (28/48)
 H - a wand of lightning (6/15)
 L - a wand of lightning (0/15)
 M - a wand of polymorph (13/24)
 W - a wand of paralysis (18/24)
Scrolls
 e - 3 scrolls of magic mapping {unknown}
 g - 4 scrolls of recharging {unknown}
 h - 8 scrolls of identify
 j - a scroll of blinking {unknown}
 k - a scroll of fog {unknown}
 m - 2 scrolls of amnesia {unknown}
 o - a scroll of teleportation {unknown}
 t - a scroll of noise {unknown}
 v - 11 scrolls of remove curse {unknown}
 w - 4 scrolls of fear {unknown}
 B - 2 scrolls of immolation {unknown}
 E - a scroll of holy word {unknown}
 N - 2 scrolls of enchant armour {unknown}
Potions
 i - 4 potions of flight
 O - a potion of cure mutation
 V - a potion of haste {unknown}
Books
 y - a book of Envenomations

   Spells                             Type                      Level
   a - Spider Form                    Transmutation/Poison         3
   b - Olgreb's Toxic Radiance        Poison                       4
   c - Alistair's Intoxication        Transmutation/Poison         5
   d - Poisonous Cloud                Conjuration/Poison/Air       6
Miscellaneous
 u - a box of beasts {used: 6}
 T - a phial of floods (inert)
Comestibles
 f - 8 bread rations
 s - a meat ration


   Skills:
 - Level 8.9 Fighting
   Level 7.3 Maces & Flails
 * Level 10.2 Polearms
 - Level 4.0 Crossbows
 + Level 9.3 Dodging
 * Level 9.2 Stealth


You had 11 spell levels left.
You didn't know any spells.

Dungeon Overview and Level Annotations

Branches:
Dungeon (12/15)            Temple (1/1) D:7            Lair (0/8) D:8
    Orc (0/2) D:11

Altars:
Ashenzari
Cheibriados
Dithmenos
Elyvilon
Fedhas
Gozag
Kikubaaqudgha
Makhleb
Nemelex Xobeh
Okawaru
Pakellas
Qazlal
Ru
Sif Muna
Trog
Vehumet
Xom
Yredelemnul
Zin
The Shining One

Shops:
D:8 ?%   D:9 (   D:10 :


Innate Abilities, Weirdness & Mutations

You are under a permanent stasis effect.
You can dig through walls and to a lower floor.
Your four strong arms can wield two-handed weapons with a shield.
You have a pair of large antennae on your head (SInv).
Scrolls take you a little longer to read.
Your magical capacity is low (-10% MP).
You are weak. (Str -2)


Message History

The deep elf mage gestures at you while chanting.
The bolt of fire hits you!
* * * LOW HITPOINT WARNING * * *
The fire elemental hits you.
* * * LOW HITPOINT WARNING * * *
The fire elemental burns you!
* * * LOW HITPOINT WARNING * * *
Your larval shockbat beast bursts into living lightning!
The living lightning hits the deep elf mage.
Your larval shockbat beast blinks!
Drink which item? (? for menu, Esc to quit)
Okay, then.
Drink which item? (? for menu, Esc to quit)
You can't drink that!
Drink which item? (? for menu, Esc to quit)
It was a potion of mutation.
You feel extremely strange.
Your vision blurs.
You feel less energetic.
You feel weaker.
You are covered in liquid flames!
You die...
Your body crumbles into a pile of gold.

...# #..... ...# #.>...
...# #..... ...####
#..... .....:.
##.....######....... ###
...........<$....... ...
........................
.......@E...............
......ยง.......$.........
.##....####....####....#
#..e.. ....).# .....
.H..#.. ..#..... #... $
...#### ..####... ###.
... ... ##. .. #.. .....


You could see a deep elf mage, a fire elemental and a friendly larval shockbat
beast.

Vanquished Creatures
  A hydra (D:11)
  An unseen horror (D:11)
  4 hill giants
  Pikel (D:4)
  A komodo dragon (D:8)
  A troll (D:12)
  A two-headed ogre (D:9)
  Prince Ribbit (D:6)
  Sigmund (D:5)
  A spriggan (D:9)
  Eustachio (D:5)
  18 yaks
  A hungry ghost (D:12)
  A water moccasin (D:12)
  5 orc warriors
  2 sky beasts
  The ghost of Gnarff the Ducker, an amateur FeMo (D:4)
  2 ice beasts (D:8)
  3 black bears
  2 eyes of draining
  5 ogres
  A phantom (D:7)
  6 centaurs
  6 giant frogs
  A scorpion (D:10)
  15 killer bees
  2 howler monkeys
  A crimson imp (D:7)
  A centaur zombie (D:5)
  A giant frog zombie (D:6)
  A quasit (D:10)
  5 centaur skeletons
  A jelly (D:7)
  5 orc priests
  5 hounds
  5 giant frog skeletons
  3 iguanas
  13 orc wizards
  2 worker ants
  A killer bee zombie (D:6)
  3 hound zombies
  A hound skeleton (D:6)
  2 worker ant zombies
  Robin (D:4)
  21 adders
  4 gnolls (D:7)
  2 howler monkey skeletons
  4 shadow imps
  An ooze (D:3)
  2 adder skeletons (D:4)
  An adder zombie (D:8)
  A worm (D:2)
  2 dart slugs
  5 giant geckos
  34 orcs
  8 bats
  12 giant cockroaches
  10 goblins
  13 hobgoblins
  15 jackals
  5 kobolds
  4 quokkas
  2 ball pythons
  A giant gecko zombie (D:5)
  8 giant newts
  A quokka skeleton (D:8)
  7 rats
  2 butterflies (D:7)
301 creatures vanquished.

Vanquished Creatures (collateral kills)
  An ugly thing (D:12)
  3 yaks (D:11)
  2 howler monkeys (D:11)
6 creatures vanquished.

Vanquished Creatures (others)
  A hound (D:5)
  A goblin (D:5)
  2 plants (D:8)
4 creatures vanquished.

Grand Total: 311 creatures vanquished

Notes
Turn   | Place    | Note
--------------------------------------------------------------
     0 | D:1      | M4edhros the Formicid Hunter began the quest for the Orb.
     0 | D:1      | Reached XP level 1. HP: 16/16 MP: 1/1
    30 | D:1      | Reached XP level 2. HP: 23/23 MP: 2/2
   220 | D:1      | Reached XP level 3. HP: 28/28 MP: 3/3
   887 | D:2      | Reached XP level 4. HP: 34/34 MP: 4/4
   979 | D:2      | Found a shimmering altar of Xom.
  1139 | D:2      | Found a faded altar to an unknown god.
  1287 | D:3      | Reached XP level 5. HP: 38/41 MP: 5/5
  1462 | D:4      | Got a bloodstained whip
  1463 | D:4      | Identified the +5 whip of Growth {drain, *Rage Fragile Int+4 Dex+9} (You found it on level 4 of the Dungeon)
  1480 | D:4      | Noticed Robin
  1489 | D:4      | Killed Robin
  1579 | D:4      | Reached skill level 1 in Maces & Flails
  1643 | D:4      | Noticed Gnarff's ghost (amateur FeMo)
  1931 | D:3      | Reached XP level 6. HP: 44/48 MP: 6/6
  2679 | D:4      | Killed Gnarff's ghost
  2679 | D:4      | Reached XP level 7. HP: 36/55 MP: 7/7
  3171 | D:5      | Entered Level 5 of the Dungeon
  3202 | D:5      | Noticed Sigmund
  3203 | D:5      | Reached skill level 5 in Fighting
  3218 | D:5      | Killed Sigmund
  3218 | D:5      | Reached skill level 5 in Dodging
  3218 | D:5      | Reached XP level 8. HP: 39/62 MP: 8/8
  3224 | D:5      | Gained mutation: Your magical capacity is low (-10% MP). [mutagenic meat]
  3225 | D:5      | Gained mutation: Your skin changes colour to match your surroundings (Stealth). [mutagenic meat]
  3226 | D:5      | Gained mutation: Your spells are a little easier to cast, but a little less powerful. [mutagenic meat]
  3227 | D:5      | Gained mutation: You are frail (-10% HP). [mutagenic meat]
  3228 | D:5      | Gained mutation: You are agile. (Dex +2) [mutagenic meat]
  3334 | D:5      | Noticed Pikel
  3368 | D:4      | Killed Pikel
  3368 | D:4      | Reached skill level 5 in Maces & Flails
  3696 | D:5      | Noticed Eustachio
  3716 | D:5      | Killed Eustachio
  3716 | D:5      | Reached XP level 9. HP: 59/63 MP: 8/8
  4121 | D:6      | Noticed Prince Ribbit
  4132 | D:6      | Killed Prince Ribbit
  4132 | D:6      | Reached skill level 1 in Polearms
  4185 | D:6      | Reached skill level 2 in Polearms
  4742 | D:6      | Reached skill level 3 in Polearms
  5168 | D:5      | Reached XP level 10. HP: 56/71 MP: 9/9
  5180 | D:5      | Reached skill level 4 in Polearms
  5713 | D:7      | Reached skill level 5 in Polearms
  5969 | D:7      | Found a staircase to the Ecumenical Temple.
  5989 | Temple   | Entered the Ecumenical Temple
  6127 | Temple   | Became a worshipper of Gozag Ym Sagoz the Greedy
  6754 | D:2      | Found a white marble altar of Elyvilon.
  6755 | D:2      | Found a shattered altar of Ashenzari.
  8417 | D:8      | Found Tuciolak's Magic Scroll Emporium.
  8424 | D:8      | Found Socwud's Food Shop.
  8486 | D:8      | Reached skill level 6 in Polearms
  8586 | D:8      | Lost mutation: You are agile. (Dex +2) [potion of cure mutation]
  8586 | D:8      | Lost mutation: Your magical capacity is low (-10% MP). [potion of cure mutation]
  8586 | D:8      | Lost mutation: Your spells are a little easier to cast, but a little less powerful. [potion of cure mutation]
  8586 | D:8      | Lost mutation: You are frail (-10% HP). [potion of cure mutation]
  8586 | D:8      | Lost mutation: Your skin changes colour to match your surroundings (Stealth). [potion of cure mutation]
  8876 | D:8      | Found a staircase to the Lair.
  8877 | D:8      | Noticed a komodo dragon
  8978 | D:8      | Killed a komodo dragon
  8978 | D:8      | Reached skill level 7 in Polearms
  9335 | D:9      | Found a basalt altar of Yredelemnul.
  9336 | D:9      | Found a sparkling altar of Nemelex Xobeh.
  9343 | D:9      | Found a shadowy altar of Dithmenos.
  9345 | D:9      | Found a burning altar of Makhleb.
  9345 | D:9      | Found a sacrificial altar of Ru.
  9345 | D:9      | Found an ancient bone altar of Kikubaaqudgha.
  9345 | D:9      | Found a deep blue altar of Sif Muna.
  9374 | D:9      | Reached XP level 11. HP: 42/87 MP: 11/11
  9581 | D:9      | Found a snail-covered altar of Cheibriados.
  9583 | D:9      | Found a stormy altar of Qazlal.
  9584 | D:9      | Found a glowing silver altar of Zin.
 10145 | D:10     | Entered Level 10 of the Dungeon
 10310 | D:10     | Reached skill level 8 in Polearms
 10347 | D:10     | Found Vefeaf's Book Emporium.
 10478 | D:10     | Noticed a hill giant
 10507 | D:10     | Noticed a hill giant
 10543 | D:10     | Killed a hill giant
 10566 | D:10     | Reached skill level 5 in Stealth
 10567 | D:10     | Killed a hill giant
 10575 | D:10     | Noticed a hill giant
 11479 | D:11     | Reached skill level 9 in Polearms
 11613 | D:11     | Noticed an unseen horror
 11659 | D:11     | Killed an unseen horror
 11857 | D:11     | Noticed a hill giant
 11871 | D:11     | Killed a hill giant
 11993 | D:11     | Noticed an eight-headed hydra
 12007 | D:11     | Reached XP level 12. HP: 73/94 MP: 12/12
 12031 | D:11     | Killed an eight-headed hydra
 12501 | D:11     | Found a staircase to the Orcish Mines.
 12667 | D:12     | Reached skill level 10 in Polearms
 12741 | D:12     | Got an ichor-stained scale mail
 12755 | D:12     | Noticed a skeletal warrior
 12771 | D:12     | Noticed a skeletal warrior
 12787 | D:11     | Identified the +4 scale mail of Dim Light {rC+ Stlth+} (You found it on level 12 of the Dungeon)
 13690 | D:12     | Gained mutation: Scrolls take you a little longer to read. [potion of mutation]
 13690 | D:12     | Gained mutation: Your magical capacity is low (-10% MP). [potion of mutation]
 13690 | D:12     | Gained mutation: You are weak. (Str -2) [potion of mutation]
 13690 | D:12     | Incinerated by a deep elf mage

Skill      XL: |  1  2  3  4  5  6  7  8  9 10 11 12 |
---------------+-------------------------------------+-----
Dodging        | 2 3 4 5 7 8 9 |  9.3
Fighting       | 3 4 5 6 7 8 |  8.9
Maces & Flails | 1 3 4 6 7 |  7.3
Polearms       | 3 7 9 10 | 10.2
Stealth        | 7 9 |  9.2
Crossbows      | |  4.0

Action                   |  1- 3 |  4- 6 |  7- 9 | 10-12 || total
-------------------------+-------+-------+-------+-------++-------
Melee: Whip              |       |    91 |   257 |   725 ||  1073
       Scythe            |       |       |       |    36 ||    36
       Trident           |       |       |       |    12 ||    12
 Fire: Hand crossbow     |    38 |       |       |       ||    38
       Hunting sling     |    21 |    58 |       |       ||    79
Invok: Call Merchant     |       |       |       |     1 ||     1
Evoke: Wand              |       |       |       |    14 ||    14
       Phial of floods   |       |       |       |     1 ||     1
       Box of beasts     |       |       |       |     6 ||     6
  Use: Potion            |       |     5 |     2 |    14 ||    21
       Scroll            |       |       |       |     1 ||     1
 Stab: Sleeping          |       |     4 |    11 |    21 ||    36
       Distracted        |       |       |     2 |     4 ||     6
  Eat: Chunk             |       |     5 |     7 |     3 ||    15
       Meat ration       |       |       |     1 |     2 ||     3
       Pizza             |       |       |       |     2 ||     2
       Beef jerky        |       |       |       |     3 ||     3
       Bread ration      |       |       |       |     2 ||     2
       Royal jelly       |       |       |       |     1 ||     1
Armor: Leather armour    |     4 |    11 |    26 |    76 ||   117
       Skin              |       |     7 |       |    90 ||    97
       Scale mail        |       |       |       |    18 ||    18
Dodge: Dodged            |    24 |    57 |   161 |   538 ||   780
